Unix NetHack Version 5.0.0-0 post-release - last build May 17 2026 04:57:42 (dc50c8380fa5e20985bfe3072449f57b8d9895ef,branch:main).

Game began 2026-05-11 09:49:58, ended 2026-05-18 09:56:45.

Hellbent, lawful female dwarven Valkyrie

                                   ---------
                                   |....a..|
                                   |..aa...|                  -----
                                   |..a@@.a|                  |...
                                   |..a.aaD|         -----   --..---------
                                |  |.......|  |     .. .%-- --...|.......|
                                |. ----%---- .|    ....%.)---....|.......|
                                |......@.[....|   ...)..). -..).%-..%_...|
                                ---...)a.%.%---   ....)..%---))..|.......|
                                  -----|-----     ...%%[%-- --.%.|.......|
                                    ...%...       ---|----   --..---------
                                   ... ..[.  -------.%.---    |...
                                   ........  |............    -----
                                   ...%.... --........%...
                                   -...@...--......%%....
                                   ----|----............
                                   ....................
                                   -------------------
Hellbent the Heroine        St:18/** Dx:23 Co:20 In:12 Wi:16 Ch:14  Lawful
Astral Plane $:0  HP:380(380) Pw:42(42) AC:-40 Xp:22 T:69433 

Latest messages:
 You feel completely healed.
 You don't have anything to drink.
 What do you want to use or apply? [dfj-mo-svABDEGIKLNQRW-Y or ?*] p
 i - 4 uncursed potions of gain level.
 You have a little trouble removing 2 uncursed potions of oil.  Continue? [ynq] (q) y
 You have a little trouble removing V - 2 uncursed potions of oil.
 t - an uncursed potion of restore ability.
 U - a potion of holy water.
 Your movements are slowed slightly because of your load.
 You hear a mumbled curse.
 What do you want to drink? [itUV or ?*] U
 You feel full of awe.
 What do you want to drink? [itV or ?*] V
 That was smooth!
 The air crackles around the renegade priest of Tyr.
 What do you want to drink? [itV or ?*] V
 That was smooth!
 Your movements are now unencumbered.
 You hear a mumbled curse.
 The renegade priest of Tyr picks up a small shield.
 What do you want to drink? [it or ?*] i
 You feel more experienced.
 Welcome to experience level 19.
 What do you want to drink? [it or ?*] i
 You feel more experienced.
 Welcome to experience level 20.
 What do you want to drink? [it or ?*] i
 You feel more experienced.
 Welcome to experience level 21.
 What do you want to drink? [it or ?*] i
 You feel more experienced.
 Welcome to experience level 22.
 You hear a mumbled curse.
 The renegade priest of Tyr casts a spell!
 The renegade priest of Tyr summons insects!
 What do you want to drink? [t or ?*] t
 Wow!  This makes you feel good!
 You don't have anything to drink.
 What do you want to sacrifice? [w or ?*] w
 You offer the Amulet of Yendor to Tyr...
 An invisible choir sings, and you are bathed in radiance...
 The voice of Tyr booms out: "Mortal, thou hast done well!"
 "In return for thy service, I grant thee the gift of Immortality!"
 You ascend to the status of Demigoddess...
 Do you want your possessions identified? [ynq] (y) y
 Do you want to see your attributes? [ynq] (y) y
 Do you want an account of creatures vanquished? [ynaq] (y) y
 Do you want a list of species genocided and extinct? [ynaq] (y) y
 Do you want to see your conduct and achievements? [ynq] (y) y
 Do you want to see the dungeon overview? [ynq] (y) y

Inventory:
 Amulets  ('"')
  b - an uncursed amulet of life saving (being worn)
  y - an uncursed amulet of life saving
 Weapons  (')')
  n - 6 cursed +3 daggers (at the ready)
  a - the blessed rustproof +7 Mjollnir (weapon in right hand)
 Armor    ('[')
  C - an uncursed greased rusty thoroughly corroded +0 orcish helm (being worn)
  e - a blessed +4 pair of gauntlets of dexterity (being worn)
  P - an uncursed fireproof +4 pair of speed boots (being worn)
  c - a blessed fireproof +5 small shield (being worn)
  x - a blessed fireproof +4 cloak of magic resistance (being worn)
  J - a blessed +6 T-shirt with text "Aberzombie and Fitch" (being worn)
  h - an uncursed greased rotproof +4 silver dragon scale mail (being worn)
 Comestibles  ('%')
  M - a cursed slime mold
  O - 4 uncursed food rations
  T - an uncursed lembas wafer
  u - 2 uncursed homemade tins of Wizard of Yendor meat
  H - a cursed rotten tin of Wizard of Yendor meat
 Rings    ('=')
  F - an uncursed ring of conflict
  g - an uncursed ring of free action (on left hand)
  S - an uncursed ring of levitation
  z - an uncursed ring of slow digestion
 Wands    ('/')
  r - a wand of cancellation (0:0)
  m - a cursed wand of cold (0:6)
  Q - a blessed wand of death (0:0)
  B - a wand of death (1:4)
  R - a wand of fire (0:1)
  d - a wand of light (0:14)
  A - a wand of light (0:13)
  o - a cursed wand of light (0:7)
  X - a wand of lightning (0:6)
  E - a wand of lightning (0:1)
  D - a wand of magic missile (0:2)
  q - a wand of secret door detection (0:9)
  K - a wand of sleep (0:5)
  L - a wand of slow monster (0:8)
  G - a wand of stasis (0:1)
  j - a wand of striking (0:3)
  I - a wand of teleportation (0:4)
  N - a cursed wand of teleportation (0:7)
 Tools    ('(')
  p - a blessed greased bag of holding named holding containing 38 items
  f - an uncursed blindfold
  W - an expensive camera (0:52)
  k - an uncursed lock pick
  l - a blessed magic lamp (lit)
  s - an uncursed stethoscope
  v - a tinning kit (0:35)
  Y - a blessed +0 unicorn horn
 Gems/Stones  ('*')
  Z - a blessed luckstone

Contents of the bag of holding named holding:
  an uncursed food ration
  2 uncursed lembas wafers
  3 uncursed tins of displacer beast meat
  2 uncursed lizard corpses
  2 uncursed lizard corpses
  a blessed scroll of charging
  an uncursed scroll of create monster
  3 uncursed scrolls of earth
  2 uncursed scrolls of enchant weapon
  a blessed scroll of gold detection
  a blessed scroll of identify
  a cursed scroll of identify
  a blessed scroll of magic mapping
  an uncursed scroll of scare monster
  3 blessed scrolls of teleportation
  a cursed scroll of teleportation
  2 blessed potions of paralysis
  a potion of unholy water
  a blessed ring of polymorph control
  a cursed ring of regeneration
  an uncursed ring of sustain ability
  an uncursed ring of teleport control
  a wand of death (0:0)
  a wand of enlightenment (0:12)
  a wand of fire (0:8)
  a wand of fire (0:7)
  a blessed wand of polymorph (1:0)
  a blessed wand of polymorph (1:0)
  a wand of probing (0:2)
  a wand of secret door detection (0:12)
  a cursed wand of secret door detection (0:12)
  a wand of sleep (0:7)
  a wand of sleep (0:7)
  a wand of slow monster (0:4)
  a magic harp (0:5)
  a blessed can of grease (0:9)
  an expensive camera (0:68)
  a +0 pick-axe

Hellbent the Valkyrie's attributes:

Background:
 You were a Heroine, a level 22 dwarven Valkyrie.
 You were lawful, on a mission for Tyr
 who was opposed by Odin (neutral) and Loki (chaotic).
 You were right-handed.
 You were in the endgame, on the Astral Plane.
 You entered the dungeon 69433 turns ago.
 There was a new moon in effect when your adventure ended.
 You had 20000000 experience points, 10000000 more were needed for level 23.

Basics:
 You had all 380 hit points.
 You had all 42 energy points (spell power).
 Your armor class was -40.
 Your wallet was empty.
 Autopickup was off.

Final Characteristics:
 Your strength was 18/100 (limit:18/100).
 Your dexterity was 23 (base:19, innate limit:20).
 Your constitution was 20 (limit:20).
 Your intelligence was 12 (limit:16).
 Your wisdom was 16 (limit:16).
 Your charisma was 14 (limit:16).

Final Status:
 You weren't hungry.
 You were unencumbered.
 You were wielding a hammer.
 You had expert skill with hammer.

Final Attributes:
 You were the Hand of Elbereth.
 You were piously aligned.
 You were magic-protected.
 You were fire resistant.
 You were cold resistant.
 You were sleep resistant.
 You were disintegration resistant.
 You were shock resistant.
 You were poison resistant.
 You saw invisible.
 You were telepathic.
 You had infravision.
 You were stealthy.
 You had a moderate defense bonus (+10).
 You were warded.
 You were very fast.
 You had reflection.
 You had free action.
 Your life would have been saved.
 You were extremely lucky.
 You had extra luck.
 Good luck did not time out for you.
 You survived.

Miscellaneous:
 You encountered 1 bones level.
 Total elapsed playing time was 14 hours, 18 minutes and 48 seconds.

Major events:
 Turn
    1: Hellbent the lawful dwarven Valkyrie entered the dungeon
  857: attained the rank of Skirmisher (level 3)
 2864: entered the Gnomish Mines
 3627: reached Mine Town
 3912: attained the rank of Fighter (level 6)
 4591: entered Sokoban
 4959: completed 1st Sokoban level
 6344: completed 2nd Sokoban level
 7128: completed 3rd Sokoban level
 8037: the Oracle has been killed
 9909: completed 4th Sokoban level
10223: acquired the Sokoban bag of holding
11448: performed her first genocide (class L)
12356: attained the rank of Woman-at-arms (level 10)
12637: found Werebane carried by a monster
15139: was bestowed with Mjollnir by Tyr
33294: killed Medusa
39382: was crowned "The Hand of Elbereth" by Tyr
39508: made her first wish - "+2 blessed fixed cloak of magic resistance", got "a piece of cloth"
39638: wished for "+2 blessed fixed greased silver dragon scale mail", got "a greased silver dragon scale mail"
40238: entered Home 1, the Quest
42399: attained the rank of Warrior (level 14)
43611: Croesus has been killed
43671: wished for "2 cursed scrolls of genocide", got "2 scrolls of genocide"
49655: the Norn has granted access to proceed deeper into the quest
49676: entered Home 2, the Quest
49814: entered Home 3, the Quest
52940: genocided class ;
53293: entered Home 4, the Quest
53371: entered Home 5, the Quest
53478: entered Home 6, the Quest
53646: found the Orb of Fate on the floor
53657: killed Lord Surtur
53675: acquired the Bell of Opening
55077: genocided mind flayers
55077: genocided master mind flayers
55079: genocided class R
55899: entered Gehennom
57072: killed Juiblex
58629: bribed Asmodeus with 123 zorkmids for safe passage
59281: bribed Baalzebub with 50 zorkmids for safe passage
59988: destroyed Vlad the Impaler
59989: acquired the Candelabrum of Invocation
60663: killed Orcus
60811: killed Demogorgon
60815: killed Yeenoghu
65005: wished for "blessed wand of death", got "a wand of death"
66234: killed the Wizard of Yendor
66236: killed the Wizard of Yendor (2nd time)
66238: acquired the Book of the Dead
66563: killed the Wizard of Yendor (3rd time)
66704: killed the Wizard of Yendor (5th time)
66723: performed the invocation
66896: killed the high priest of Moloch
66897: acquired The Amulet of Yendor
66898: wished for "2 blessed scrolls of charging", got "a scroll of charging"
68324: killed the Wizard of Yendor (10th time)
68859: attained the rank of Swashbuckler (level 18)
69069: entered the Elemental Planes
69069: entered Plane of Earth
69130: entered Plane of Air
69199: entered Plane of Fire
69229: entered Plane of Water
69275: wished for "2 blessed potions of booze", got "2 potions called booze"
69311: entered the Astral Plane
69320: killed Famine
69323: found Ogresmasher carried by a monster
69355: Famine has been killed (2nd time)
69421: killed Famine (3rd time)
69432: attained the rank of Heroine (level 22)
69433: ascended

Spells:
 Name                 Level Category     Fail Retention
 force bolt             1   attack        71%    (gone)

Skills:
 Fighting Skills
   bare handed combat [Unskilled]
   two weapon combat  [Unskilled]
   riding             [Unskilled]
 Weapon Skills
   dagger             [Basic]
   axe                [Unskilled]
   pick-axe           [Unskilled]
   short sword        [Unskilled]
   broadsword         [Unskilled]
   long sword         [Unskilled]
   two-handed sword   [Unskilled]
   saber              [Unskilled]
   hammer             [Expert]
   quarterstaff       [Unskilled]
   polearms           [Unskilled]
   spear              [Basic]
   trident            [Unskilled]
   lance              [Unskilled]
   sling              [Unskilled]
 Spellcasting Skills
   attack spells      [Unskilled]
   escape spells      [Unskilled]

Voluntary challenges:
 Character rerolling was not enabled.
 You genocided 14 types of monsters.
 You used 6 wishes.
 You did not wish for any artifacts.
 You violated the special Sokoban rules twice.
Achievements:
 You entered a shop.
 You attained the rank of Skirmisher.
 You entered the Gnomish Mines.
 You entered Minetown.
 You entered a temple.
 You attained the rank of Fighter.
 You entered Sokoban.
 You completed Sokoban.
 You attained the rank of Woman-at-arms.
 You defeated Medusa.
 You attained the rank of Warrior.
 You handled the Bell of Opening.
 You entered Gehennom.
 You handled the Candelabrum of Invocation.
 You handled the Book of the Dead.
 You gained access to Moloch's Sanctum.
 You attained the rank of Swashbuckler.
 You reached the Elemental Planes.
 You reached the Astral Plane.
 You attained the rank of Heroine.
 You delivered the Amulet of Yendor.
 You ascended!

 The Elemental Planes:
    Astral Plane: <- You are here.
       Some temples and some altars.
    Plane of Water:
    Plane of Fire:
    Plane of Air:
    Plane of Earth:
 The Dungeons of Doom: levels 1 to 28
    Level 1:
       One way stairs up to The Elemental Planes.
    Level 2:
       A general store.
    Level 3:
    Level 4:
       Some sinks.
       Stairs down to The Gnomish Mines.
    Level 5:
       A sink.
    Level 6:
       Oracle of Delphi.
    Level 7:
       An altar to Tyr.
       Stairs up to Sokoban, level 6.
    Level 8:
       A potion shop.
    Level 9:
       A general store.
    Level 10:
       An altar, a sink.
    Level 11:
    Level 12:
       A weapon shop, a sink.
       Portal to The Quest.
    Level 13:
       A temple and an altar to Tyr.
    Level 14:
    Level 15:
       A temple and some altars.
    Level 16:
    Level 17:
       A general store, a grave.
    Level 18:
       A primitive area.
    Level 19:
       A fountain.
    Level 20:
       Portal to Fort Ludios.
    Level 21:
       A grave.
    Level 22:
       A fountain, a grave.
    Level 23:
       An altar.
    Level 24:
       Many fountains, a sink, a grave.
    Level 25:
    Level 26:
       A fountain, many trees.
    Level 27:
    Level 28:
       Connection to Gehennom.
 Gehennom: levels 29 to 50
    Level 29:
       A temple and an altar, many graves.
       Valley of the Dead.
    Level 30:
    Level 31:
    Level 32:
    Level 33:
    Level 34:
    Level 35:
       Many fountains.
    Level 36:
    Level 37:
    Level 38:
    Level 39:
    Level 40:
       Some shops, an altar, many graves.
       Stairs up to Vlad's Tower, level 39.
    Level 41:
    Level 42:
    Level 43:
    Level 44:
    Level 45:
    Level 46:
    Level 47:
    Level 48:
    Level 49:
    Level 50:
       A temple and an altar, many graves.
       Moloch's Sanctum.
 The Gnomish Mines: levels 5 to 13
    Level 5:
    Level 6:
    Level 7:
       Many shops, a temple and an altar, some fountains.
    Level 8:
    Level 9:
    Level 10:
    Level 11:
       Final resting place for
          MonkMan11-Mon-Hum-Mal-Neu, killed by an ettin zombie.
    Level 12:
    Level 13:
 The Quest: levels 1 to 6
    Level 1:
       A fountain.
       Completed quest for the Norn.
    Level 2:
    Level 3:
    Level 4:
    Level 5:
    Level 6:
 Sokoban: levels 6 up to 3
    Level 3:
       Solved.
    Level 4:
       Solved.
    Level 5:
       Solved.
    Level 6:
       Solved.
 Fort Ludios:
    Level 1:
       Fort Ludios.
 Vlad's Tower: levels 39 up to 37
    Level 37:
       A throne.
    Level 38:
    Level 39:


Vanquished creatures:
    Demogorgon
    Orcus
    Yeenoghu
    Juiblex
  3 erinyes
the Wizard of Yendor (12 times)
    Famine (thrice)
    Vlad the Impaler
  a high cleric
  a mastodon
    Medusa
    Croesus
  5 iron golems
  4 storm giants
  a titan
  a glass golem
  8 balrogs
  6 purple worms
  2 gold dragons
  5 silver dragons
  7 red dragons
  3 white dragons
  2 orange dragons
  2 black dragons
  4 blue dragons
  a green dragon
  2 yellow dragons
 18 minotaurs
  2 jabberwocks
    Lord Surtur
  7 baluchitheria
 13 Angels
  3 stone golems
  9 Olog-hai
  a Nazgul
  9 pit fiends
  3 sandestins
  6 hell hounds
  7 displacer beasts
  6 titanotheres
  5 trappers
  7 baby red dragons
  a baby white dragon
  a guardian naga
  5 genetic engineers
 34 vampire leaders
  9 skeletons
the Oracle
 16 aligned clerics
  4 captains
  6 shades
  5 clay golems
  6 nurses
  9 ice devils
  a nalfeshnee
  5 lurkers above
 an Aleax
  2 frost giants
  3 ettins
  a golden naga
 20 black puddings
 27 vampires
  8 lieutenants
 27 ghosts
  a valkyrie
  3 queen bees
  3 winged gargoyles
  a mind flayer
 12 giant mimics
  4 long worms
  8 zruties
 33 fire giants
 10 ogre tyrants
  8 ice trolls
  7 rock trolls
 10 umber hulks
 11 flesh golems
  4 elven monarchs
  3 doppelgangers
 11 hezrous
 17 bone devils
  7 large mimics
  3 wumpuses
  4 fire vortices
  2 baby purple worms
 16 stalkers
  8 air elementals
  5 fire elementals
 14 earth elementals
 10 water elementals
  8 hill giants
  6 giant mummies
  a black naga
 13 xorns
 13 giant zombies
 17 elf-nobles
 19 sergeants
  a water demon
  3 barbed devils
 24 vrocks
  4 salamanders
  7 wargs
  5 winter wolves
  5 hell hound pups
 16 small mimics
  2 glass piercers
  7 warhorses
 14 steam vortices
 15 xans
  4 ettin mummies
 11 ogre leaders
 12 quantum mechanics
 24 trolls
  7 wood golems
  9 mariliths
  2 djinn
  4 sharks
 13 gelatinous cubes
  6 pyrolisks
  3 large dogs
  8 freezing spheres
 17 flaming spheres
  8 shocking spheres
  3 large cats
 11 tigers
 11 gargoyles
  3 tengu
  6 ochre jellies
  8 leocrottas
  7 energy vortices
  9 mountain centaurs
  4 stone giants
  5 elf mummies
  3 human mummies
 11 red nagas
  3 green slimes
 10 pythons
 20 pit vipers
  4 cobras
 55 wraiths
  9 carnivorous apes
 18 ettin zombies
  a leather golem
 12 Grey-elves
120 soldiers
  a watchman
 11 amorous demons
  7 horned devils
  7 chameleons
  4 crocodiles
 39 giant beetles
  3 quivering blobs
 53 cockatrices
 17 wolves
 18 winter wolf cubs
  a lynx
  3 panthers
 32 gremlins
  a spotted jelly
 52 leprechauns
  3 orc-captains
  3 iron piercers
  5 mumakil
 12 giant spiders
  8 scorpions
  5 horses
  3 ice vortices
 18 black lights
 11 vampire bats
  9 forest centaurs
  a gnome ruler
  7 orc mummies
  6 dwarf mummies
 11 ogres
  4 brown puddings
  7 rust monsters
 19 owlbears
 10 yetis
  a gold golem
  3 werewolves
 25 Green-elves
 10 giant eels
 18 lizards
  a warrior
 10 chickatrices
  4 dingoes
  3 dogs
  2 housecats
  4 jaguars
  a dwarf leader
  3 blue jellies
  a white unicorn
  a gray unicorn
  4 black unicorns
  8 dust vortices
 36 ravens
  6 plains centaurs
  3 gnome mummies
 10 snakes
  6 apes
 22 human zombies
  3 rope golems
 19 Woodland-elves
 43 soldier ants
 86 fire ants
 10 bugbears
  3 imps
  2 lemures
  7 quasits
  4 wood nymphs
 14 water nymphs
  6 mountain nymphs
 24 Mordor orcs
 16 Uruk-hai
 an orc shaman
  7 rock piercers
  8 rock moles
  4 ponies
  9 fog clouds
 11 yellow lights
  5 shriekers
  6 violet fungi
  6 gnome leaders
  3 gnomish wizards
  5 kobold mummies
  3 black naga hatchlings
  a guardian naga hatchling
  9 gray oozes
  5 barrow wights
 17 elf zombies
 16 ghouls
  5 straw golems
  2 paper golems
  2 jellyfish
 63 giant ants
  2 little dogs
 14 floating eyes
  3 kittens
  5 dwarves
  6 homunculi
  3 kobold leaders
  2 kobold shamans
 33 hill orcs
 39 rothes
  3 rabid rats
  5 centipedes
  8 giant bats
  2 monkeys
 21 orc zombies
 14 dwarf zombies
  2 wererats
 15 iguanas
 65 killer bees
  5 acid blobs
  6 coyotes
  5 gas spores
  6 hobbits
 14 manes
  3 large kobolds
 14 hobgoblins
 15 giant rats
 11 cave spiders
  2 brown molds
  5 yellow molds
  2 red molds
 18 gnomes
  7 garter snakes
 15 gnome zombies
 16 geckos
 15 jackals
  4 foxes
  2 kobolds
  3 goblins
  6 sewer rats
  8 grid bugs
  3 bats
  7 lichens
 16 kobold zombies
 12 newts
2685 creatures vanquished.

Genocided or extinct species:
 erinyes (extinct)
 arch-liches
 krakens
 master liches
 demiliches
 master mind flayers
 disenchanters
 liches
 mind flayers
 sharks
 electric eels
 soldiers (extinct)
 rust monsters
 piranha
 giant eels
 jellyfish
14 species genocided.
2 species extinct.

Farvel Hellbent the Demigoddess...

You went to your reward with 2850700 points,
Mjollnir (worth 4000 zorkmids and 10000 points)
       2 amulets of life saving (worth 300 zorkmids),
and 0 pieces of gold, after 69433 moves.
You were level 22 with a maximum of 380 hit points when you ascended.

